Map: 16 bits EC

Players

HoldTheDoor

  • Race: Protoss Protoss
  • League: Diamond
  • Spawn Location: 1:00

Chudesa - Winner!

  • Race: Terran Terran
  • League: Diamond
  • Spawn Location: 7:00

VOD

Have the link to the VOD?

Description

Time

  • Played on: July 4, 2018, 11:29 a.m.
  • Length: 22:10
Show
View Real Time Build Order
Export as new Build Order

HoldTheDoor Protoss 

Build Orders: Colossus Rush 

Get SALT Encoding   

  12  0:00  Probe  
  13  0:12  Probe  
  14  0:18  Pylon  
  14  0:25  Probe  
  15  0:37  Probe  
  15  0:40  Gateway  
  16  0:46  Probe  
  17  0:51  Assimilator  
  17  0:54  Probe  
  17  1:00  Assimilator  
  17  1:03  Probe  
  19  1:15  Probe  
  20  1:21  Gateway  
  20  1:27  Probe  
  20  1:31  Cybernetics Core  
  21  1:51  Probe  
  22  1:54  Pylon  
  22  2:02  Pylon  
  22  2:03  Stalker x2, Probe  
  27  2:17  Warp Gate  
  26  2:32  Stalker x2  
  30  2:49  Robotics Facility  
  30  2:50  Probe  
  31  3:17  Probe  
  32  3:21  Nexus  
  32  3:30  Immortal  
  34  3:49  Probe, Pylon  
  35  4:02  Robotics Bay  
  35  4:05  Probe, Pylon  
  37  4:10  Observer  
  37  4:17  Probe  
  38  4:29  Probe  
  39  4:33  Probe  
  40  4:39  Pylon  
  40  4:41  Probe, Immortal  
  45  4:45  Probe  
  46  4:53  Probe  
  46  4:55  Assimilator  
  46  4:58  Assimilator  
  47  5:03  Pylon  
  47  5:04  Probe  
  48  5:11  Probe  
  49  5:20  Colossus  
  55  5:23  Probe  
  55  5:27  Extended Thermal Lance  
  56  5:30  Probe  
  56  5:35  Probe  
  58  5:41  Forge  
  58  5:45  Forge  
  58  5:46  Probe  
  58  5:47  Probe  
  60  6:01  Probe x2  
  62  6:17  Stalker x2  
  66  6:22  Colossus  
  66  6:24  Shield Battery  
  66  6:27  Photon Cannon  
  66  6:29  Photon Cannon  
  66  6:36  Photon Cannon  
  66  6:39  Photon Cannon  
  72  6:41  Probe x2  
  75  6:54  Probe  
  75  7:01  Pylon  
  75  7:06  Colossus  
  75  7:09  Stalker x2  
  75  7:10  Protoss Ground Armor Level 1  
  75  7:14  Protoss Shields Level 1, Gateway  
  75  7:15  Gateway  
  85  7:27  Probe x2  
  87  7:34  Twilight Council  
  87  7:38  Pylon  
  87  7:39  Probe  
  87  7:43  Stalker  
  90  7:45  Stalker  
  92  7:54  Immortal  
  96  8:06  Pylon  
  96  8:17  Stalker x2, Pylon  
  100  8:37  Pylon  
  100  8:48  Stalker x4  
  96  8:50  Immortal  
  96  9:02  Protoss Ground Armor Level 2  
  100  9:04  Protoss Ground Weapons Level 1  
  100  9:05  Pylon  
  100  9:06  Templar Archives  
  100  9:15  Nexus  
  100  9:17  Pylon  
  100  9:18  Pylon  
  100  9:21  Assimilator  
  100  9:27  Charge  
  100  9:28  Probe x2  
  102  9:36  Immortal  
  106  9:44  Probe  
  106  9:45  Probe  
  108  9:46  Pylon  
  108  9:54  Assimilator  
  108  10:02  Pylon  
  108  10:06  Photon Cannon  
  108  10:08  Photon Cannon  
  108  10:11  Shield Battery  
  108  10:12  Probe  
  109  10:14  Shield Battery, Probe  
  110  10:24  Probe  
  111  10:31  Probe x2  
  111  10:34  Zealot x3  
  111  10:35  Zealot  
  121  10:37  Probe  
  122  10:43  Probe  
  122  10:44  Immortal  
  122  10:45  Pylon  
  122  10:48  Protoss Shields Level 2  
  127  11:01  Psionic Storm  
  127  11:05  Probe x2  
  127  11:08  Probe  
  127  11:10  Protoss Ground Weapons Level 2  
  130  11:17  Observer  
  130  11:22  Probe x2  
  133  11:33  Pylon  
  133  11:34  Gateway  
  133  11:38  Immortal  
  133  11:39  Gateway  
  137  11:43  High Templar x4  
  145  11:47  Archon x2  
  146  11:54  Probe x2  
  146  11:55  Nexus  
  147  12:04  Pylon  
  147  12:06  Pylon  
  147  12:09  Assimilator  
  147  12:15  Pylon  
  147  12:20  Immortal  
  151  12:34  Gateway  
  151  12:37  Gateway  
  151  12:38  Pylon  
  151  12:39  Gateway  
  151  12:40  Zealot x2, Pylon, Gateway  
  151  12:41  Zealot x3  
  151  12:43  Zealot  
  163  12:50  Shield Battery  
  163  12:52  Shield Battery  
  163  12:55  Pylon  
  163  13:10  High Templar x2  
  163  13:11  High Templar x4  
  121  13:30  Archon x3  
  105  13:43  Zealot x2  
  105  13:44  Zealot x4  
  117  13:55  Immortal  
  117  14:00  Protoss Shields Level 3, Protoss Ground Armor Level 3  
  117  14:05  Pylon  
  117  14:07  Nexus  
  117  14:09  Pylon  
  121  14:11  Assimilator, Pylon  
  121  14:16  Assimilator  
  121  14:17  Pylon  
  121  14:20  Pylon  
  121  14:26  Assimilator, Probe x2  
  121  14:28  Probe  
  124  14:32  Warp Prism, Zealot x4  
  124  14:33  High Templar x2  
  124  14:34  High Templar x4  
  124  14:37  Archon  
  124  14:38  Archon x2  
  146  14:53  High Templar x2  
  146  14:54  High Templar x2  
  146  14:57  Archon x2  
  152  15:09  Zealot x6  
  153  15:27  Zealot x2  
  153  15:28  Zealot x2  
  148  15:35  Probe  
  148  15:36  Probe x2  
  148  15:39  Probe  
  151  15:47  Probe  
  152  15:59  High Templar x6  
  152  16:00  High Templar x3  
  152  16:03  Archon x3  
  152  16:04  Archon  
  160  16:15  Zealot  
  132  16:33  Nexus  
  132  16:36  Pylon  
  132  16:39  Pylon  
  132  16:41  Photon Cannon  
  132  16:43  Photon Cannon  
  118  17:01  Immortal  
  108  17:02  Zealot x6  
  108  17:03  Zealot x4  
  112  17:24  Stalker x2  
  112  17:25  Stalker x2  
  106  17:38  Zealot x4  
  106  17:39  Zealot x2  
  110  17:52  Immortal  
  114  18:00  Photon Cannon  
  114  18:02  Photon Cannon  
  114  18:04  Photon Cannon  
  115  18:05  Shield Battery, Probe x2  
  115  18:07  Shield Battery  
  115  18:09  Pylon  
  115  18:11  Assimilator  
  116  18:16  High Templar x6  
  116  18:17  High Templar x2  
  132  18:20  Archon x2  
  132  18:21  Archon  
  132  18:22  Archon  
  132  18:32  Photon Cannon  
  132  18:33  Shield Battery  
  132  18:35  Shield Battery  
  132  18:37  Pylon  
  132  18:40  Zealot  
  132  18:41  Zealot  
  122  19:17  High Templar x4  
  122  19:18  High Templar  
  122  19:21  Archon x2  
  122  19:23  Zealot x4  
  122  19:24  Zealot  
  134  19:44  Zealot x3, Pylon  
  134  19:45  Zealot x2  
  144  19:46  Photon Cannon  
  143  19:53  Immortal  
  143  19:55  Zealot x4  
  143  19:56  Zealot  
  157  20:02  Probe x2  
  157  20:03  Probe  
  159  20:09  Zealot x5  
  160  20:20  Probe  
  160  20:21  Probe x2  
  159  20:33  High Templar x2  
  163  20:36  Nexus  
  163  20:38  Archon  
  163  20:39  Photon Cannon  
  163  20:41  Pylon  
  164  20:42  Probe  
  164  20:49  Pylon  
  164  20:50  Pylon  
  164  21:09  Photon Cannon  
  164  21:10  Photon Cannon  
  164  21:13  Photon Cannon  
  164  21:19  Zealot x2  
  164  21:34  Photon Cannon  
  164  21:37  Pylon  
  164  21:40  Photon Cannon  
Show
View Real Time Build Order
Export as new Build Order

Chudesa Terran - Winner!

Build Orders: Reaper Expand, MMM Bio 

Get SALT Encoding   

  12  0:01  SCV  
  13  0:18  Supply Depot, SCV  
  14  0:30  SCV  
  14  0:31  Refinery  
  15  0:42  Barracks  
  15  0:46  SCV  
  16  0:59  SCV  
  17  1:04  Refinery  
  17  1:11  SCV  
  18  1:23  SCV  
  19  1:30  Reaper  
  20  1:34  Supply Depot  
  20  1:38  Orbital Command  
  20  2:05  Barracks Reactor  
  20  2:15  Command Center  
  20  2:22  SCV  
  21  2:40  Factory  
  21  2:45  Supply Depot  
  21  2:46  Marine x2  
  23  2:57  SCV  
  24  3:03  Barracks  
  24  3:04  Marine x2  
  26  3:10  SCV  
  27  3:20  Supply Depot  
  27  3:22  Marine x2  
  29  3:43  Orbital Command  
  29  3:49  Starport  
  29  3:51  Factory Tech Lab  
  29  3:52  Barracks Tech Lab  
  29  4:02  SCV  
  30  4:14  SCV  
  30  4:17  SCV  
  32  4:19  Stimpack  
  32  4:26  SCV  
  32  4:28  Starport Reactor, Engineering Bay  
  32  4:30  Engineering Bay  
  33  4:35  Refinery  
  33  4:36  SCV  
  33  4:37  Refinery  
  34  4:38  SCV  
  35  4:52  Marine x3  
  38  4:54  Widow Mine  
  38  4:55  SCV x2  
  38  4:58  Terran Infantry Armor Level 1, Terran Infantry Weapons Level 1  
  42  5:07  SCV  
  42  5:08  SCV, Medivac  
  42  5:10  Medivac  
  48  5:18  Marauder  
  50  5:31  Missile Turret  
  50  5:34  Missile Turret  
  50  5:36  Marine x2  
  50  5:38  Medivac  
  50  5:39  Marine  
  50  5:40  Medivac  
  57  5:54  Marine  
  57  5:55  Armory  
  58  5:59  Marine x2  
  60  6:05  Barracks, SCV x2  
  60  6:07  Barracks  
  62  6:22  Supply Depot  
  62  6:23  Supply Depot  
  62  6:30  SCV x2, Marine  
  65  6:36  Marauder  
  65  6:37  Concussive Shells  
  67  6:42  SCV x2  
  67  6:47  Siege Tank  
  72  6:48  Marine  
  72  6:49  Marine  
  72  6:52  Terran Infantry Weapons Level 2  
  74  6:55  Terran Infantry Armor Level 2  
  74  7:01  Marine  
  74  7:02  Marine  
  74  7:03  Marine  
  74  7:06  Marine  
  78  7:11  Medivac x2  
  82  7:20  Marine x3  
  85  7:39  Supply Depot  
  85  7:40  Supply Depot  
  85  8:00  Barracks Tech Lab x2  
  85  8:01  Marauder, Marine x2, Widow Mine  
  91  8:14  Command Center  
  91  8:18  SCV x2, Supply Depot, Combat Shields  
  93  8:20  Marauder x2, Marine  
  93  8:22  Widow Mine  
  93  8:23  Marauder  
  101  8:41  Marauder x2  
  82  8:53  Marauder  
  75  8:57  Marine x2  
  79  9:03  Marauder x2  
  79  9:04  Viking  
  83  9:11  Terran Infantry Weapons Level 3  
  83  9:15  Marauder  
  85  9:23  Marine x2  
  89  9:24  Marauder x2  
  91  9:33  Viking  
  91  9:34  Viking  
  91  9:36  Marauder  
  97  9:44  Terran Infantry Armor Level 3  
  99  9:45  Marauder  
  99  9:46  Marauder  
  101  9:53  Orbital Command  
  101  9:58  Marauder  
  101  9:59  Missile Turret  
  107  10:07  Marauder x2  
  107  10:11  Barracks  
  107  10:13  Barracks  
  107  10:14  Marine x2, Widow Mine  
  109  10:15  Barracks  
  109  10:17  SCV x2  
  109  10:19  Marauder  
  115  10:26  SCV  
  115  10:28  Marauder, Marine  
  119  10:29  SCV  
  119  10:30  Supply Depot x2  
  119  10:34  Marine  
  119  10:35  Widow Mine  
  123  10:40  Marauder  
  125  10:48  Starport  
  125  10:51  Viking x2  
  125  10:52  Marauder x2  
  133  11:05  SCV x3  
  136  11:15  Command Center  
  136  11:17  SCV x2, Supply Depot  
  136  11:18  Supply Depot  
  138  11:25  Starport Reactor  
  138  11:26  Medivac  
  138  11:28  Barracks Tech Lab x2  
  138  11:29  Barracks Reactor  
  140  11:33  Supply Depot  
  140  11:34  Supply Depot  
  140  11:39  Viking  
  142  11:50  Terran Vehicle Weapons Level 1  
  142  11:51  Marine x4  
  142  11:52  Marauder x3  
  152  11:58  Refinery  
  152  12:00  Refinery  
  152  12:03  Viking, Medivac  
  152  12:05  Medivac  
  152  12:07  SCV  
  152  12:08  SCV  
  160  12:09  Marauder  
  160  12:10  Marauder  
  164  12:16  Supply Depot  
  164  12:18  Supply Depot  
  164  12:23  Marine  
  164  12:24  Marauder x2, Marine  
  164  12:25  Marauder  
  164  12:29  Marine  
  173  12:31  Marauder x2  
  173  12:34  Orbital Command  
  177  12:41  SCV x2  
  179  12:46  Marauder  
  136  13:24  SCV, Marine  
  136  13:25  Marauder  
  136  13:26  Marauder, Marine  
  136  13:27  Marauder x3  
  105  13:47  Marauder x2, Orbital Command  
  105  13:48  Marauder x3  
  115  13:51  Marine x2  
  117  14:08  Marauder  
  117  14:09  Marauder x4  
  127  14:10  Refinery  
  127  14:15  Refinery  
  127  14:22  Viking x2  
  127  14:23  Viking, Medivac  
  135  14:25  Marine x4  
  135  14:29  Marauder  
  135  14:30  Marauder  
  135  14:31  Marauder x3  
  149  14:42  Marine x2  
  151  14:48  Marine x2  
  151  14:51  Marauder  
  151  14:52  Marauder x4, Medivac  
  165  14:59  Siege Tank  
  168  15:00  Marine x2  
  168  15:06  Marine x2  
  172  15:12  Marauder  
  172  15:13  Marauder x2, Marine  
  172  15:14  Marauder  
  181  15:18  Marine x2  
  178  15:24  Marine x2  
  162  15:31  Marine, Siege Tank  
  162  15:33  Marine  
  162  15:34  Marine x3  
  152  15:36  Marine x2  
  152  15:41  Marine x2  
  152  15:42  SCV x3  
  159  15:46  Viking  
  159  15:47  Viking x3  
  159  15:49  Marine  
  168  15:51  Marine  
  168  15:52  Marine x3  
  168  15:54  Marine x2  
  174  15:59  Marine x2  
  176  16:07  Marauder  
  176  16:09  Marauder  
  176  16:10  Marauder, Marine  
  176  16:11  Marauder, Marine  
  185  16:16  Viking  
  185  16:17  Viking x3  
  171  16:40  Ghost Academy x3  
  171  16:46  Viking  
  116  17:38  Marine  
  116  17:39  Marine x8  
  89  17:56  Marine  
  89  17:57  Marine x8, Personal Cloaking, Nuke  
  96  18:08  Medivac  
  96  18:09  Medivac x3  
  96  18:11  Cyclone  
  107  18:14  Marine  
  107  18:15  Marine x8  
  107  18:18  Barracks, Command Center  
  107  18:19  Barracks  
  116  18:21  Barracks x3  
  116  18:23  Barracks  
  116  18:32  Marine x5  
  116  18:33  Marauder x2, Marine x2  
  127  18:38  Medivac  
  129  18:51  Marauder x3  
  129  18:55  Marauder x2  
  132  19:12  Marauder x3  
  132  19:15  Ghost x2  
  130  19:21  Marine x4  
  130  19:32  Barracks Tech Lab x2  
  130  19:33  Ghost x2, Barracks Tech Lab, Marine  
  130  19:34  Barracks Tech Lab, Barracks Reactor  
  130  19:38  Orbital Command  
  135  19:39  Marine x4, Refinery  
  135  19:44  Marine x2  
  135  19:45  Refinery  
  141  19:47  Command Center  
  141  19:50  Command Center  
  141  19:51  Marine  
  142  19:57  Marine x4  
  146  20:02  Marine x2  
  146  20:05  Marine x2  
  150  20:09  Marine  
  147  20:14  Marine  
  147  20:20  Marauder x2  
  140  20:23  Marauder  
  140  20:25  Ghost x5  
  140  20:26  Ghost, Marine  
  140  20:27  Marine  
  140  20:28  Marine x2  
  155  20:41  Marauder x2  
  159  20:44  Marauder  
  159  20:45  Nuke  
  159  20:49  Marine  
  162  20:50  Marine x6  
  162  20:53  Marine  
  162  20:54  Marine x4  
  162  20:55  Marine  
  174  21:02  Marine x2  
  176  21:05  Marine  
  177  21:16  Marine x4  
  177  21:17  Ghost x3, Marauder  
  177  21:18  Marauder  
  191  21:21  Marauder x3  
  191  21:22  Marine x3  
Tags
 
Composition
MMM Bio
Matchup
PvT
Spawn Locations
Cross Positions
Add a new tag
Caveats
  • Supply blocks, unpowered buildings, or Contaminate may cause inaccurate times.
  • Supply counts are checked every 10 seconds.